[Event "Titled Tuesday Blitz January 03 Late 2023"]
[White "Kobalia, Mikhail"]
[Black "Nakamura, Hikaru"]
[WhiteFideId "4119150"]
[BlackFideId "2016192"]
[WhiteElo "2578"]
[BlackElo "2775"]
[Result "0-1"]
[Round "03"]
[TimeControl "180+2"]
[Date "2023.01.03"]
[WhiteClock "0:00:02"]
[BlackClock "0:00:30"]

1. e4 c6 2. d4 d5 3. exd5 Qxd5 4. Nf3 Nf6 5. c4 Qa5+ 6. Nc3 g6 7. h3 Bg7 8. Be2 Ne4 9. Qb3 O-O 10. O-O Nxc3 11. bxc3 c5 12. Bf4 Nd7 13. Rfe1 b6 14. Bd3 Bb7 15. Rxe7 Bxf3 16. Rxd7 Bc6 17. Rd6 Rac8 18. a4 Rfd8 19. Rxd8+ Rxd8 20. d5 Bd7 21. Bd2 Re8 22. Kf1 Be5 23. Bc2 Bd6 24. Re1 Rxe1+ 25. Kxe1 Qa6 26. Kf1 f5 27. Kg1 Kf7 28. Qa2 Be5 29. Bb3 Bd6 30. Qc2 Qc8 31. Qd1 Qe8 32. Kf1 Qe5 33. f4 Qe8 34. Qe2 Qb8 35. g3 Qc8 36. h4 Qg8 37. Bc2 Kf6 38. Kg2 Bc8 39. Bb3 Qf8 40. Bc2 Qd8 41. Bb3 Kf7 42. Bc2 Qd7 43. Bb3 Bb7 44. Bc2 Ba6 45. Bb3 Kf8 46. Kf2 Kg8 47. Bc2 Bf8 48. Bb3 Bg7 49. Bc2 Kf7 50. Bb3 Bc8 51. Bc2 Qd6 52. Bb3 Bd7 53. Bc2 Bf6 54. Bb3 Be7 55. Bc2 Qf6 56. Bb3 Ke8 57. Qe5 a5 58. Bc2 Kf7 59. Bb3 h6 60. Bc2 Bd6 61. Qxf6+ Kxf6 62. Kf3 Be8 63. Kf2 Bf7 64. Kf3 Ke7 65. Kf2 Kd7 66. Kf3 Be7 67. Kf2 Kd6 68. Kf3 Bf6 69. Kf2 Be8 70. Kf3 Bd7 71. Kf2 Ke7 72. Kf3 Kf7 73. Kf2 Bd8 74. Kf3 Kg7 75. Kf2 Bc7 76. Kf3 Be8 77. Kf2 Bd6 78. Kf3 Bd7 79. Kf2 Bc8 80. Kf3 Be7 81. Kf2 Bf6 82. Kf3 Ba6 83. Kf2 Bxc4 84. d6 Be6 85. Bd3 Bd7 86. Bc2 Kf7 87. c4 Ke6 88. Bb3 Kxd6 89. Be3 Be6 90. Ke2 Bf7 91. Kd3 Be8 92. Ke2 Bc6 93. Kd3 Be4+ 94. Ke2 Bd4 95. Kf2 Ke7 96. Ke2 Kf6 97. Bd2 Bc6 98. Bc1 Kg7 99. Bd2 Bf6 100. Be3 Kf8 101. Bd2 Bd8 102. Kf2 Be4 103. Ke2 Kf7 104. Kf2 Bf6 105. Ke2 Bb2 106. Kf2 Ba3 107. Ke2 Bb4 108. Bc1 Bc3 109. Kf2 Kf6 110. Ke2 Bd4 111. Kf1 Bd3+ 112. Kg2 Be2 113. Bd2 Kg7 114. Bc1 g5 115. fxg5 hxg5 116. Bxg5 Bc3 117. Bd8 Bb4 118. Bxb6 Kg6 119. Bc7 Bd3 120. Be5 Kh6 121. Kf2 Kg6 122. Ke3 Bf1 123. Bd6 Kf6 124. Kf2 Bd3 125. Bf4 Kg6 126. Bg5 Be4 127. Bd8 Bd3 128. Ke3 Bf1 129. Bc7 Kg7 130. Kf4 Kf6 131. Bd8+ Ke6 132. Kg5 Bd3 133. Bc7 Kf7 134. Bf4 Bc3 135. h5 Bf6+ 136. Kh6 Be2 137. Kh7 Bxh5 138. Bc7 Bg7 0-1


[Site "https://www.chess.com"]

[Event "Titled Tuesday Blitz January 03 Late 2023"]
[White "Carlsen, Magnus"]
[Black "Yuan, Qingyu"]
[WhiteFideId "1503014"]
[BlackFideId "8609772"]
[WhiteElo "2853"]
[BlackElo "2373"]
[Result "1-0"]
[Round "03"]
[TimeControl "180+2"]
[Date "2023.01.03"]
[WhiteClock "0:00:05"]
[BlackClock "0:00:04"]

1. h4 d5 2. d4 Nf6 3. e3 e6 4. Nf3 Be7 5. c4 b6 6. Nc3 Bb7 7. cxd5 Nxd5 8. Bd3 Nd7 9. e4 Nxc3 10. bxc3 O-O 11. e5 c5 12. Bxh7+ Kh8 13. Bc2 f5 14. Ng5 Qe8 15. Nxe6 cxd4 16. Nxf8 Nxe5 17. Ne6 Bxg2 18. Bf4 Nf3+ 19. Ke2 Bd6 20. Bxf5 Bxf4 21. Qd3 Rd8 22. Rhd1 Rd5 23. cxd4 Nxh4 24. Bg4 Kg8 25. Rh1 g5 26. Rag1 Bxh1 27. Rxh1 Rd6 28. d5 Qf7 29. Qe4 Qf6 30. Nxf4 Qxf4 31. Qxf4 gxf4 32. Rxh4 Rh6 33. Rxh6 1-0


[Site "https://www.chess.com"]

[Event "Titled Tuesday Blitz January 03 Late 2023"]
[White "Nogerbek, Kazybek"]
[Black "Vachier-Lagrave, Maxime"]
[WhiteFideId "13710427"]
[BlackFideId "623539"]
[WhiteElo "2474"]
[BlackElo "2742"]
[Result "0-1"]
[Round "03"]
[TimeControl "180+2"]
[Date "2023.01.03"]
[WhiteClock "0:00:01"]
[BlackClock "0:00:31"]

1. Nf3 Nf6 2. c4 e6 3. Nc3 d5 4. e3 c6 5. b3 Nbd7 6. Bb2 Bd6 7. d4 a6 8. Be2 b5 9. O-O O-O 10. Qc2 Qe7 11. a3 Rb8 12. cxd5 cxd5 13. Bd3 Bb7 14. Qe2 Ne4 15. a4 b4 16. Nb1 a5 17. Rc1 Rfc8 18. Nbd2 Nc3 19. Qf1 Rc7 20. Rc2 Rbc8 21. Rac1 g6 22. Nb1 e5 23. dxe5 Nxe5 24. Nxe5 Qxe5 25. g3 d4 26. exd4 Qd5 27. f3 Qxb3 28. Nd2 Qd5 29. Qf2 Bf8 30. Bxc3 bxc3 31. Ne4 Bg7 32. Kg2 Bxd4 33. Qe2 Kg7 34. Ba6 Bxa6 35. Qxa6 Rb8 36. Qd3 Qe5 37. Rd1 Rb4 38. f4 Qd5 39. Qf3 Rxa4 40. h4 Rb4 41. Kh3 Rb2 42. Rcc1 h5 43. f5 Qxf5+ 44. Qxf5 gxf5 45. Ng5 Be3 0-1


[Site "https://www.chess.com"]

[Event "Titled Tuesday Blitz January 03 Late 2023"]
[White "Naroditsky, Daniel"]
[Black "Borges Feria, Yasel"]
[WhiteFideId "2026961"]
[BlackFideId "3504921"]
[WhiteElo "2618"]
[BlackElo "2439"]
[Result "1-0"]
[Round "03"]
[TimeControl "180+2"]
[Date "2023.01.03"]
[WhiteClock "0:00:17"]
[BlackClock "0:00:04"]

1. e4 e5 2. Nf3 Nc6 3. Bb5 a6 4. Ba4 Nf6 5. O-O Be7 6. Re1 b5 7. Bb3 d6 8. c3 O-O 9. h3 a5 10. d4 a4 11. Bc2 Bd7 12. Nbd2 Re8 13. Nf1 h6 14. Ng3 Bf8 15. d5 Ne7 16. Be3 c6 17. dxc6 Bxc6 18. b3 axb3 19. axb3 Qc7 20. c4 bxc4 21. bxc4 Rxa1 22. Qxa1 Ra8 23. Qc3 Rb8 24. c5 Ng6 25. cxd6 Bxd6 26. Rd1 Bf8 27. Ba4 Rc8 28. Rc1 Bxa4 29. Qxc7 Rxc7 30. Rxc7 Ne8 31. Ra7 Bc6 32. Nd2 Nf4 33. Bxf4 exf4 34. Nf5 Bc5 35. Ne7+ Bxe7 36. Rxe7 Kf8 37. Ra7 Nd6 38. Ra6 Nxe4 39. Nxe4 Bxe4 40. Ra4 Bd5 41. Rxf4 Be6 42. Rb4 g5 43. f4 Kg7 44. Kf2 gxf4 45. Rxf4 Kg6 46. Ke3 f6 47. Kd4 Kg5 48. Rf2 h5 49. Kc5 h4 50. Kd6 Bc4 51. Ke7 f5 52. Kd6 Bd3 53. Ke5 Be4 54. Re2 Bd3 55. Rd2 Be4 56. Rf2 Bd3 57. Kd4 Be4 58. Ke3 Bd5 59. Rd2 Be4 60. Kf2 Kf4 61. Rd8 Kg5 62. Rg8+ Kf6 63. g4 hxg3+ 64. Rxg3 f4 65. Rg8 Bf5 66. h4 Kf7 67. Rg5 Be4 68. Rg4 Bc6 69. Rxf4+ Kg6 70. Rd4 Kh5 71. Kg3 Bh1 72. Rc4 Kh6 73. Rc5 Ba8 74. Kg4 Bg2 75. Rb5 Bf1 76. Rb6+ Kg7 77. Kg5 Bd3 78. Rb7+ Kh8 79. Kh6 Bc4 80. h5 Bg8 81. Kg6 Bd5 82. Re7 Bc6 83. h6 Bd5 84. h7 Be4+ 85. Kh6 Bg6 86. Rd7 Be8 87. Rb7 Bd7 88. Rb8+ Bc8 89. Rxc8# 1-0


[Site "https://www.chess.com"]

[Event "Titled Tuesday Blitz January 03 Late 2023"]
[White "Kadric, Denis"]
[Black "Martinez Alcantara, Jose Eduardo"]
[WhiteFideId "14403803"]
[BlackFideId "3805662"]
[WhiteElo "2601"]
[BlackElo "2619"]
[Result "1/2-1/2"]
[Round "03"]
[TimeControl "180+2"]
[Date "2023.01.03"]
[WhiteClock "0:00:27"]
[BlackClock "0:00:17"]

1. e4 e5 2. Nf3 Nf6 3. d3 Nc6 4. c3 d6 5. g3 g6 6. Bg2 Bg7 7. O-O O-O 8. b4 a5 9. b5 Nb8 10. a4 Nbd7 11. Re1 Re8 12. Nbd2 b6 13. d4 Bb7 14. d5 h6 15. Nb3 Rf8 16. c4 Bc8 17. Nh4 Kh7 18. h3 Ng8 19. Bf1 Bf6 20. Ng2 Bg5 21. Ne3 h5 22. Nd2 Bh6 23. h4 Nc5 24. Qc2 Nf6 25. Bg2 Qe7 26. Nb3 Nb7 27. Bd2 Bd7 28. Rf1 Rae8 29. Rae1 Qd8 30. f3 Ng8 31. Nd1 Bxd2 32. Qxd2 f6 33. Kh2 f5 34. exf5 gxf5 35. f4 e4 36. Ne3 Qf6 37. Bh3 Nh6 38. Rg1 Rg8 39. Re2 Rg7 40. Reg2 Reg8 41. Qe1 Qg6 42. Qd2 Rf7 43. Qe1 Rgf8 44. Qd2 Ng8 45. Qe1 Nh6 46. Qd2 Re8 47. Qe1 Rg8 48. Qd2 Kg7 49. Qe1 Kf8 50. Qd2 Rgg7 51. Qe1 Kg8 52. Qd2 Kf8 53. Qe1 Kg8 54. Qd2 Kf8 1/2-1/2


[Site "https://www.chess.com"]

[Event "Titled Tuesday Blitz January 03 Late 2023"]
[White "Beerdsen, Thomas"]
[Black "Caruana, Fabiano"]
[WhiteFideId "1030108"]
[BlackFideId "2020009"]
[WhiteElo "2507"]
[BlackElo "2764"]
[Result "0-1"]
[Round "03"]
[TimeControl "180+2"]
[Date "2023.01.03"]
[WhiteClock "0:00:05"]
[BlackClock "0:00:43"]

1. e4 e5 2. Nf3 Nc6 3. Nc3 Nf6 4. d4 exd4 5. Nxd4 Bb4 6. Nxc6 bxc6 7. Bd3 d6 8. O-O O-O 9. h3 h6 10. Qf3 Re8 11. Bd2 a5 12. Qg3 Nh5 13. Qf3 Qh4 14. a3 Bc5 15. Ne2 Nf6 16. Ng3 Bd4 17. Rab1 g6 18. c3 Be5 19. Rfe1 Nh7 20. Bc4 Be6 21. Bxe6 Rxe6 22. c4 Ng5 23. Qd3 Rae8 24. Re2 a4 25. Rf1 Bf4 26. Bxf4 Qxf4 27. Rfe1 h5 28. Re3 Qf6 29. Qc2 h4 30. Nf1 c5 31. Nh2 Qd4 32. Rd3 Rxe4 33. Rxd4 Rxe1+ 34. Nf1 cxd4 35. Qd2 Rb1 36. Qxg5 Ree1 37. Qd8+ Kg7 38. Qxc7 Rxf1+ 39. Kh2 Rh1# 0-1


[Site "https://www.chess.com"]

[Event "Titled Tuesday Blitz January 03 Late 2023"]
[White "Paravyan, David"]
[Black "Riehle, Marco"]
[WhiteFideId "4194985"]
[BlackFideId "12904392"]
[WhiteElo "2601"]
[BlackElo "2368"]
[Result "1-0"]
[Round "03"]
[TimeControl "180+2"]
[Date "2023.01.03"]
[WhiteClock "0:01:08"]
[BlackClock "0:00:45"]

1. e4 e5 2. Nf3 Nf6 3. Nc3 Nc6 4. d4 exd4 5. Nxd4 Nxe4 6. Nxe4 Qe7 7. Bd3 Nxd4 8. O-O d5 9. Bc4 dxe4 10. Qxd4 Be6 11. Qxe4 Bxc4 12. Qxb7 Rd8 13. Qc6+ Qd7 14. Qxc4 Be7 15. Be3 O-O 16. a4 Bf6 17. c3 a5 18. h3 Be5 19. Qb5 Qe6 20. Rfe1 Rd5 21. Qc4 Qd7 22. Qe4 Rd8 23. c4 f5 24. Qxd5+ 1-0


[Site "https://www.chess.com"]

[Event "Titled Tuesday Blitz January 03 Late 2023"]
[White "Timmermans, Mark"]
[Black "Sarana, Alexey"]
[WhiteFideId "1026399"]
[BlackFideId "24133795"]
[WhiteElo "2392"]
[BlackElo "2685"]
[Result "1/2-1/2"]
[Round "03"]
[TimeControl "180+2"]
[Date "2023.01.03"]
[WhiteClock "0:01:02"]
[BlackClock "0:00:08"]

1. b4 d5 2. Bb2 Bf5 3. Nf3 e6 4. e3 h6 5. b5 a6 6. a4 Nf6 7. c4 axb5 8. axb5 Rxa1 9. Bxa1 Nbd7 10. Be2 dxc4 11. Bxc4 Nb6 12. Be2 Be7 13. O-O O-O 14. d4 Nbd5 15. Nc3 Qa8 16. Bb2 Nxc3 17. Bxc3 Nd5 18. Bb2 Qa2 19. Qa1 Ra8 20. Ne5 Bb4 21. Bc4 Qxa1 22. Rxa1 Rxa1+ 23. Bxa1 Nc3 24. Nd3 Ba5 25. Nc5 b6 26. Na6 Nb1 27. Nxc7 Na3 28. Be2 Kf8 29. d5 exd5 30. Nxd5 Be6 31. Nf4 Bd7 32. Bb2 Nxb5 33. Nd5 Na7 34. Bd4 Nc8 35. Ba6 Bc6 36. e4 Nd6 37. Nxb6 Nxe4 38. f3 Nd6 39. Bc5 Bxb6 40. Bxb6 Nf5 41. Bc5+ Kg8 42. Kf2 g6 43. Bd3 Ng7 44. Be3 h5 45. g4 hxg4 46. fxg4 Bd5 47. Kg3 Ne6 48. h4 Kg7 49. Bd2 f6 50. Bc3 Nc5 51. Bc2 Be4 52. Bd1 Bd3 53. Bf3 Kf7 54. Bd5+ Ke7 55. Bb4 Kd6 56. Bf7 Kc6 57. Be8+ Kd5 58. Bxc5 Kxc5 59. h5 gxh5 60. gxh5 Kd6 61. Kf4 Ke7 62. Bg6 Bxg6 63. hxg6 Kf8 64. g7+ Kxg7 65. Kf5 Kf7 66. Kf4 Ke6 67. Ke4 Kd6 68. Kf5 Ke7 69. Kf4 Ke6 70. Ke4 f5+ 71. Kf4 Kd5 72. Kxf5 1/2-1/2


[Site "https://www.chess.com"]

[Event "Titled Tuesday Blitz January 03 Late 2023"]
[White "Pranav, V"]
[Black "Cristobal, Manuel"]
[WhiteFideId "25060783"]
[BlackFideId "112879"]
[WhiteElo "2597"]
[BlackElo "2257"]
[Result "1-0"]
[Round "03"]
[TimeControl "180+2"]
[Date "2023.01.03"]
[WhiteClock "0:00:10"]
[BlackClock "0:00:28"]

1. e4 Nc6 2. d4 e5 3. d5 Nce7 4. Nf3 Ng6 5. h4 h5 6. Nc3 Nf6 7. Ng5 Bc5 8. f3 c6 9. dxc6 bxc6 10. Bc4 O-O 11. Bb3 Ba6 12. Na4 Bb4+ 13. c3 Ba5 14. Be3 d5 15. Nc5 Bb6 16. Kf2 Qc8 17. Qc2 Nf4 18. Rad1 Rd8 19. g3 Ng6 20. Kg2 Nf8 21. Rhe1 Bxc5 22. Bxc5 N8d7 23. Bd6 Bc4 24. Bxc4 dxc4 25. f4 Ng4 26. Qe2 Nb6 27. Bc5 exf4 28. gxf4 Qa6 29. Kg3 Qxa2 30. e5 Re8 31. Qc2 g6 32. Bxb6 axb6 33. Rd7 Qb3 34. Qxb3 cxb3 35. Nxf7 Ra2 36. Nd6 Re6 37. Re2 Ra1 38. Ne4 Rg1+ 39. Rg2 Rxg2+ 40. Kxg2 Ne3+ 41. Kf3 Nc4 42. Nf6+ Kf8 43. Ke4 Nxb2 44. f5 gxf5+ 45. Kxf5 Re7 46. Rd8+ Kf7 47. Rh8 Nc4 48. e6+ Rxe6 49. Rh7+ Kf8 50. Kxe6 Ne5 51. Kxe5 b2 52. Ke6 b1=Q 53. Rf7# 1-0


[Site "https://www.chess.com"]

[Event "Titled Tuesday Blitz January 03 Late 2023"]
[White "Fernandez Guillen, Ernesto J."]
[Black "Kollars, Dmitrij"]
[WhiteFideId "3512428"]
[BlackFideId "12909572"]
[WhiteElo "2477"]
[BlackElo "2607"]
[Result "0-1"]
[Round "03"]
[TimeControl "180+2"]
[Date "2023.01.03"]
[WhiteClock "0:00:04"]
[BlackClock "0:00:12"]

1. e4 c5 2. b4 cxb4 3. d4 d5 4. e5 Bf5 5. a3 e6 6. Bd3 Bxd3 7. Qxd3 Nc6 8. Ne2 Qd7 9. O-O Nge7 10. axb4 Nxb4 11. Qd1 Nf5 12. c3 Nc6 13. Nd2 Be7 14. Nf3 O-O 15. g4 Nh4 16. Nxh4 Bxh4 17. f4 f6 18. Be3 Rf7 19. exf6 Bxf6 20. h3 b6 21. Ng3 Bh4 22. Kg2 Na5 23. Nh5 g6 24. g5 Nc4 25. Bc1 gxh5 26. Qxh5 Bxg5 27. fxg5 Rxf1 28. Kxf1 e5 29. g6 Rf8+ 30. Kg2 a5 31. Bh6 Rf5 32. gxh7+ Kh8 33. Qg6 Qxh7 34. Qc6 Qg8+ 35. Kh1 Qf7 36. Rg1 Rf1 37. Bg7+ Kg8 38. Bf6+ Rxg1+ 39. Kxg1 Qg6+ 40. Kh2 Qc2+ 41. Kh1 Qe4+ 42. Kh2 Qf4+ 43. Kh1 Qf3+ 44. Kh2 Qf2+ 45. Kh1 Qf3+ 46. Kh2 Kf7 47. Bxe5 Nxe5 48. Qc7+ Kg6 49. Qxe5 a4 50. Qd6+ Kg5 51. Qe5+ Qf5 52. Qe7+ Kh5 53. Qe8+ Kg5 54. Qxa4 Qf2+ 55. Kh1 Qf1+ 56. Kh2 Qf2+ 57. Kh1 Qe1+ 58. Kh2 Qxc3 59. Qd7 Qd2+ 60. Kh1 Qe1+ 61. Kh2 Qe2+ 62. Kh1 Qf3+ 63. Kh2 Qf2+ 64. Kh1 Qxd4 65. Qe7+ Kf5 66. Qf7+ Ke4 67. Qg6+ Ke3 68. Qg1+ Kd3 69. Qd1+ Kc4 70. Qa4+ Kc5 71. Qa3+ Kc6 72. Qa8+ Kb5 73. Qe8+ Kb4 74. Qe7+ Kb3 75. Qd6 b5 76. Kh2 b4 77. Qc6 Qd2+ 78. Kg3 Qc3+ 79. Qxc3+ bxc3 80. h4 c2 0-1


[Site "https://www.chess.com"]

[Event "Titled Tuesday Blitz January 03 Late 2023"]
[White "Aradhya, Garg"]
[Black "Bluebaum, Matthias"]
[WhiteFideId "25006746"]
[BlackFideId "24651516"]
[WhiteElo "2284"]
[BlackElo "2669"]
[Result "0-1"]
[Round "03"]
[TimeControl "180+2"]
[Date "2023.01.03"]
[WhiteClock "0:00:02"]
[BlackClock "0:01:07"]

1. d4 d5 2. c4 e6 3. Nf3 Nf6 4. e3 a6 5. b3 c5 6. Bb2 cxd4 7. exd4 Bb4+ 8. Nbd2 O-O 9. Bd3 dxc4 10. bxc4 b5 11. O-O Bb7 12. cxb5 axb5 13. Qe2 Qd5 14. a3 Bxd2 15. Qxd2 Nc6 16. Rac1 Na5 17. Qg5 Qxg5 18. Nxg5 Nc4 19. Rc2 h6 20. Nh3 Nd5 21. Rfc1 Rfb8 22. Bxc4 bxc4 23. Rxc4 Ba6 24. R4c2 Bd3 25. Rd2 Bf5 26. f3 Bxh3 27. gxh3 Nf4 28. h4 Rb3 29. d5 exd5 30. Rc3 Rxc3 31. Bxc3 Rxa3 32. Be5 Rxf3 33. h3 f6 34. Bd6 d4 35. Bxf4 Rxf4 36. h5 Rf5 37. Kg2 Rxh5 38. Rxd4 Ra5 39. Rd7 Kh7 40. h4 Kg6 0-1


[Site "https://www.chess.com"]

[Event "Titled Tuesday Blitz January 03 Late 2023"]
[White "Xiong, Jeffery"]
[Black "Rozman, Levy"]
[WhiteFideId "2047640"]
[BlackFideId "2039877"]
[WhiteElo "2692"]
[BlackElo "2322"]
[Result "1-0"]
[Round "03"]
[TimeControl "180+2"]
[Date "2023.01.03"]
[WhiteClock "0:00:04"]
[BlackClock "0:00:06"]

1. c4 g6 2. d4 Bg7 3. Nc3 c5 4. d5 Bxc3+ 5. bxc3 f5 6. h4 Nf6 7. h5 Rg8 8. h6 Qa5 9. Qb3 d6 10. Nh3 e5 11. dxe6 Bxe6 12. Ng5 Bd7 13. Bf4 Nc6 14. O-O-O O-O-O 15. Nf7 Be6 16. Nxd6+ Rxd6 17. Rxd6 Re8 18. Rxc6+ bxc6 19. Qb8+ Kd7 20. Qd6+ Kc8 21. Qxc6+ Kd8 22. Qd6+ Kc8 23. Qb8+ Kd7 24. Qb7+ Kd8 25. Rh3 Bxc4 26. Bg5 Re6 27. Re3 Qa3+ 28. Qb2 Qxb2+ 29. Kxb2 Kd7 30. Rxe6 Kxe6 31. a3 Ne4 32. Be3 Kd5 33. g3 a6 34. Kc2 Bb5 35. f3 Nf6 36. Bg5 Nd7 37. g4 fxg4 38. fxg4 Ne5 39. Bg2+ Ke6 40. Kd2 Nxg4 41. Bh3 Kf5 42. Be7 Bd7 43. Bxc5 Ke4 44. Bf8 Bf5 45. Bg2+ Ke5 46. Bg7+ Ke6 47. c4 Ne5 48. Bd5+ Kd6 49. Kc3 Nd7 50. Kd4 Ke7 51. c5 g5 52. c6 Nb6 53. Bg8 g4 54. Kc5 Nc8 55. Be5 Kf8 56. Bd5 Ke7 57. Bc4 Be6 58. Bxa6 Bf5 59. Bd3 Bxd3 60. exd3 Ke6 61. d4 Ne7 62. a4 Nf5 63. a5 Nxh6 64. a6 Nf7 65. a7 Nxe5 66. dxe5 g3 67. a8=Q g2 68. Qa1 h5 69. Qg1 Kf5 70. Qxg2 h4 71. Qh3+ Kg5 72. c7 Kf4 73. c8=Q Ke4 74. Qcf5# 1-0


[Site "https://www.chess.com"]

[Event "Titled Tuesday Blitz January 03 Late 2023"]
[White "Maksimovic, Bojan"]
[Black "Chigaev, Maksim"]
[WhiteFideId "14408120"]
[BlackFideId "4108116"]
[WhiteElo "2486"]
[BlackElo "2628"]
[Result "1-0"]
[Round "03"]
[TimeControl "180+2"]
[Date "2023.01.03"]
[WhiteClock "0:00:05"]
[BlackClock "0:00:06"]

1. g3 g6 2. Bg2 Bg7 3. c4 Nf6 4. Nc3 O-O 5. Nf3 d6 6. d3 c5 7. O-O Nc6 8. a3 Rb8 9. Rb1 b6 10. b4 Bb7 11. b5 Ne5 12. Nd2 Bxg2 13. Kxg2 d5 14. Qb3 d4 15. Nce4 Nxe4 16. Nxe4 f5 17. Nd2 Ng4 18. h3 Nf6 19. Nf3 Nh5 20. e3 dxe3 21. Bxe3 e5 22. Rbe1 Qd7 23. Bc1 Qb7 24. Qd1 Rbd8 25. Qe2 Rfe8 26. Kg1 e4 27. dxe4 Rxe4 28. Qc2 Nf6 29. Bb2 Rxe1 30. Nxe1 Qe4 31. Qc1 f4 32. gxf4 Nh5 33. Ng2 Bxb2 34. Qxb2 Nxf4 35. Nxf4 Qxf4 36. Qc3 Rd4 37. Rc1 Qg5+ 38. Kh2 Qe5+ 39. Kg2 Kg7 40. Qf3 Rf4 41. Qg3 Qe4+ 42. Kh2 Qf5 43. Re1 Rxf2+ 44. Kg1 Rf4 45. Re7+ Kh6 46. Qe3 Qf6 47. Re4 Qg5+ 48. Kh2 Rxe4 49. Qxe4 Qd2+ 50. Kg3 Qc3+ 51. Kg4 Qd4 52. Qxd4 cxd4 53. a4 Kg7 54. Kf4 Kf6 55. c5 Ke6 56. c6 Kd6 57. Ke4 g5 58. Kxd4 h5 59. Ke4 Kc7 60. Kf5 g4 61. hxg4 hxg4 62. Kxg4 a6 63. Kf5 axb5 64. axb5 Kd6 65. Kf6 Kc7 66. Ke6 Kc8 67. Ke7 Kc7 68. Ke6 Kc8 69. Kd6 Kd8 70. c7+ Kc8 71. Ke7 Kxc7 72. Ke6 Kc8 73. Kd6 Kb7 74. Kd7 Kb8 75. Kc6 Kc8 76. Kxb6 Kb8 77. Kc6 Ka7 78. Kc7 Ka8 79. Kb6 Kb8 80. Ka6 Kc7 81. Ka7 1-0


[Site "https://www.chess.com"]

[Event "Titled Tuesday Blitz January 03 Late 2023"]
[White "Tari, Aryan"]
[Black "Sai Krishna G V"]
[WhiteFideId "1510045"]
[BlackFideId "5028280"]
[WhiteElo "2642"]
[BlackElo "2384"]
[Result "1-0"]
[Round "03"]
[TimeControl "180+2"]
[Date "2023.01.03"]
[WhiteClock "0:01:26"]
[BlackClock "0:00:36"]

1. e4 e5 2. Nf3 Nc6 3. d4 exd4 4. Nxd4 Nf6 5. Nxc6 bxc6 6. Nd2 d5 7. exd5 cxd5 8. Bb5+ Bd7 9. Bxd7+ Qxd7 10. O-O Be7 11. b3 O-O 12. Bb2 d4 13. Nf3 c5 14. c3 dxc3 15. Bxc3 Rfc8 16. Re1 Qb7 17. Ne5 Nd5 18. Qf3 Bf6 19. Rad1 Rd8 20. Ba1 Rab8 21. Rd2 Bg5 22. Rd3 Qb4 23. Qxf7+ Kh8 24. Ng6+ hxg6 25. Qxg7# 1-0


[Site "https://www.chess.com"]

[Event "Titled Tuesday Blitz January 03 Late 2023"]
[White "Saric, Ibro"]
[Black "Sjugirov, Sanan"]
[WhiteFideId "14401290"]
[BlackFideId "4189302"]
[WhiteElo "2531"]
[BlackElo "2712"]
[Result "1-0"]
[Round "03"]
[TimeControl "180+2"]
[Date "2023.01.03"]
[WhiteClock "0:00:15"]
[BlackClock "0:00:01"]

1. d4 Nf6 2. Nf3 e6 3. Bf4 c5 4. e3 cxd4 5. exd4 b6 6. c3 Bb7 7. Nbd2 Be7 8. Bd3 d6 9. O-O Nbd7 10. Re1 O-O 11. a4 a6 12. h3 Re8 13. Bh2 Qc7 14. Qe2 Bf8 15. Nc4 Bc6 16. Nfd2 b5 17. axb5 axb5 18. Ne3 Qb6 19. Kh1 g6 20. f3 Ra4 21. Ne4 d5 22. Nxf6+ Nxf6 23. b4 Rea8 24. Rac1 Bh6 25. Rc2 Ra1 26. Ng4 Nxg4 27. hxg4 R8a3 28. Be5 Qa6 29. Rxa1 Rxa1+ 30. Kh2 Qa4 31. f4 Bf8 32. f5 exf5 33. gxf5 Qa6 34. Qf3 Qc8 35. Rf2 Qd8 36. Qg4 Bd7 37. Qg3 Qe8 38. fxg6 1-0


[Site "https://www.chess.com"]

[Event "Titled Tuesday Blitz January 03 Late 2023"]
[White "Keymer, Vincent"]
[Black "Salimova, Nurgyul"]
[WhiteFideId "12940690"]
[BlackFideId "2915138"]
[WhiteElo "2700"]
[BlackElo "2391"]
[Result "1-0"]
[Round "03"]
[TimeControl "180+2"]
[Date "2023.01.03"]
[WhiteClock "0:00:04"]
[BlackClock "0:00:01"]

1. a3 a6 2. Nf3 Nf6 3. g3 g6 4. Bg2 Bg7 5. O-O O-O 6. d4 c6 7. c4 d5 8. Nc3 dxc4 9. e4 b5 10. Qe2 Bb7 11. Rd1 e6 12. h4 Nbd7 13. e5 Nd5 14. Nxd5 cxd5 15. Bg5 Qb6 16. Qe3 a5 17. h5 b4 18. Bh3 Rac8 19. Rac1 Rfe8 20. Kg2 Ba6 21. Rh1 c3 22. bxc3 bxa3 23. Bh6 Bh8 24. Ng5 Nxe5 25. Qf4 Qc7 26. dxe5 Bxe5 27. Qh4 Bd3 28. Bg4 Bf6 29. Qh3 a2 30. Nxh7 Bxc3 31. Bd2 Qe5 32. Bxc3 Rxc3 33. hxg6 Bxg6 34. Rxc3 Qxc3 35. Qh4 a1=Q 36. Rxa1 Qxa1 37. Nf6+ Kf8 38. Qh8+ Ke7 39. Nxd5+ exd5 40. Qxa1 Be4+ 41. Bf3 1-0


[Site "https://www.chess.com"]

[Event "Titled Tuesday Blitz January 03 Late 2023"]
[White "Tristan, Leonardo"]
[Black "Lazavik, Denis"]
[WhiteFideId "113816"]
[BlackFideId "13515110"]
[WhiteElo "2545"]
[BlackElo "2544"]
[Result "0-1"]
[Round "03"]
[TimeControl "180+2"]
[Date "2023.01.03"]
[WhiteClock "0:00:40"]
[BlackClock "0:01:52"]

1. d4 Nf6 2. Nf3 d5 3. Bf4 c5 4. e3 Nc6 5. Nbd2 Bg4 6. c3 e6 7. Qb3 Qc8 8. h3 Bh5 9. Nh4 Be7 10. g4 Bg6 11. Nxg6 hxg6 12. Bg2 cxd4 13. exd4 Qd7 14. O-O Bd6 15. Be3 Qc7 16. f4 O-O 17. Rae1 b5 18. Qd1 Na5 19. Qf3 b4 20. cxb4 Bxb4 21. a3 Bxd2 22. Bxd2 Nc4 23. Bc1 Nd6 24. h4 Qb6 25. h5 gxh5 26. gxh5 Qxd4+ 27. Be3 Qxb2 28. h6 g6 29. Rd1 Nf5 30. Bc1 Qb6+ 31. Kh2 Rac8 32. Bh3 Rc2+ 33. Rd2 Rfc8 34. Bxf5 exf5 35. Qd1 Rxc1 0-1


[Site "https://www.chess.com"]

[Event "Titled Tuesday Blitz January 03 Late 2023"]
[White "Dardha, Daniel"]
[Black "Domingo Nunez, Ruben"]
[WhiteFideId "240990"]
[BlackFideId "22245570"]
[WhiteElo "2631"]
[BlackElo "2416"]
[Result "1-0"]
[Round "03"]
[TimeControl "180+2"]
[Date "2023.01.03"]
[WhiteClock "0:01:14"]
[BlackClock "0:01:11"]

1. e4 g6 2. d4 Bg7 3. Nc3 c6 4. f4 d5 5. e5 f6 6. Be3 Nh6 7. Nf3 O-O 8. Be2 Bg4 9. Qd2 Nf5 10. Bf2 Bxf3 11. Bxf3 fxe5 12. fxe5 e6 13. Ne2 c5 14. c3 Nc6 15. h4 Bh6 16. Qd3 cxd4 17. cxd4 Qa5+ 18. Qc3 Nb4 19. O-O Rac8 20. Qe1 Qb5 21. a4 Qc4 22. b3 Qxb3 23. Rb1 Qc2 24. Qxb4 Be3 25. Bxe3 Nxe3 26. Rfc1 Qd3 27. Rxc8 Rxc8 28. Qxb7 Rc2 29. Qb8+ Kg7 30. Rb7+ Kh6 31. Qf8# 1-0


[Site "https://www.chess.com"]

[Event "Titled Tuesday Blitz January 03 Late 2023"]
[White "Papasimakopoulos, Alexandros"]
[Black "Oparin, Grigoriy"]
[WhiteFideId "4244125"]
[BlackFideId "24125890"]
[WhiteElo "2401"]
[BlackElo "2667"]
[Result "1/2-1/2"]
[Round "03"]
[TimeControl "180+2"]
[Date "2023.01.03"]
[WhiteClock "0:00:16"]
[BlackClock "0:00:13"]

1. d4 f5 2. e4 fxe4 3. Nc3 Nf6 4. Bg5 g6 5. f3 d5 6. fxe4 dxe4 7. Bc4 Bg7 8. Nge2 Nc6 9. Qd2 Na5 10. Bb5+ c6 11. Ba4 b5 12. Bb3 Nxb3 13. axb3 O-O 14. O-O b4 15. Na4 a5 16. Nc5 Bf5 17. Bh6 Qd5 18. Bxg7 Kxg7 19. c4 bxc3 20. bxc3 e5 21. c4 Qd6 22. Qc3 Rfe8 23. Nb7 Qc7 24. dxe5 Qxe5 25. Rxa5 Rxa5 26. Nxa5 Qxc3 27. Nxc3 c5 28. Nb7 Re5 29. Re1 e3 30. h3 h5 31. Na4 Nd7 32. Nc3 Bc2 33. Na5 Nf6 34. Re2 Bd3 35. Re1 h4 36. Nb7 Nh5 37. Na4 Ng3 38. Nbxc5 Bc2 39. Nd7 Re7 40. Ndb6 Bxb3 41. Nc3 e2 42. Nbd5 Re5 43. Nf4 Bxc4 44. Kf2 Rf5 45. Ke3 Re5+ 46. Kd4 Rf5 47. Nfxe2 Bxe2 48. Nxe2 Rf2 49. Nxg3 hxg3 50. Ke3 Rxg2 51. Kf3 Ra2 52. Kxg3 Ra3+ 53. Kg4 Ra5 54. Re3 Kh6 55. Kg3 Ra4 56. Rb3 Kh5 57. Rc3 g5 58. Rb3 Rf4 59. Rc3 Rf5 60. Rb3 Rc5 61. Rd3 Rb5 62. Rc3 Ra5 63. Rb3 Rd5 64. Rc3 Ra5 65. Rb3 Rd5 66. Rc3 Ra5 1/2-1/2


[Site "https://www.chess.com"]

[Event "Titled Tuesday Blitz January 03 Late 2023"]
[White "Bortnyk, Mykola"]
[Black "Korchmar, Vasiliy"]
[WhiteFideId "14120836"]
[BlackFideId "24131750"]
[WhiteElo "2425"]
[BlackElo "2438"]
[Result "1-0"]
[Round "03"]
[TimeControl "180+2"]
[Date "2023.01.03"]
[WhiteClock "0:01:38"]
[BlackClock "0:00:44"]

1. e4 c5 2. c3 d5 3. exd5 Qxd5 4. Nf3 Nf6 5. d4 e6 6. Be3 Nc6 7. Bd3 cxd4 8. cxd4 Be7 9. Nc3 Qd8 10. a3 b6 11. Qe2 Bb7 12. O-O O-O 13. Rad1 Rc8 14. Rfe1 Re8 15. Bb1 Bf8 16. Bg5 Ne7 17. Ne5 Ng6 18. h4 Be7 19. Nxf7 Kxf7 20. Qxe6+ Kf8 21. Ba2 Nd5 22. Nxd5 Bxg5 23. Ne7 1-0


[Site "https://www.chess.com"]